[Event "Titled Tuesday Blitz July 05 Early 2022"]
[White "Chernobay, Artem"]
[Black "Cherniaiev, Tykhon"]
[WhiteFideId "4167406"]
[BlackFideId "14182360"]
[WhiteElo "2473"]
[BlackElo "2263"]
[Result "1-0"]
[Round "08"]
[TimeControl "180+1"]
[Date "2022.07.05"]
[WhiteClock "0:00:28"]
[BlackClock "0:00:29"]

1. d4 Nf6 2. c4 e6 3. Nf3 d5 4. g3 Be7 5. Bg2 O-O 6. O-O dxc4 7. Qc2 a6 8. a4 Bd7 9. Qxc4 b5 10. Qc2 Bc6 11. Bf4 b4 12. Nbd2 Bd6 13. Be5 Bb7 14. Ng5 Bxe5 15. Bxb7 Bxd4 16. Bxa8 c6 17. Bxc6 Nxc6 18. Qxc6 Bxf2+ 19. Rxf2 Qxd2 20. Qc1 Qd4 21. Nf3 Qa7 22. e3 Rd8 23. Re2 h6 24. Qc2 Qb7 25. Rf1 b3 26. Qc4 Ne4 27. Nd4 Rc8 28. Qxb3 Qa8 29. Rc2 Rb8 30. Qc4 Rf8 31. Qc6 Ng5 32. Qxa8 Rxa8 33. Rfc1 Kh7 34. Rc8 Ra7 35. R1c7 Rxc7 36. Rxc7 e5 37. Nc6 f5 38. Nxe5 h5 39. b4 Ne4 40. b5 axb5 41. axb5 Kh6 42. b6 Nd6 43. Rc6 h4 44. Rxd6+ Kg5 45. Nf3+ Kg4 46. Nxh4 g5 47. b7 f4 48. b8=Q f3 49. Qc8+ Kh5 50. Qh8+ Kg4 51. Rd4+ Kh3 52. Qc8+ g4 53. Qxg4# 1-0


[Site "https://www.chess.com"]

[Event "Titled Tuesday Blitz July 05 Early 2022"]
[White "Corrales Jimenez, Fidel"]
[Black "Mkrtchian, Lilit"]
[WhiteFideId "3506690"]
[BlackFideId "13300601"]
[WhiteElo "2541"]
[BlackElo "2310"]
[Result "1-0"]
[Round "08"]
[TimeControl "180+1"]
[Date "2022.07.05"]
[WhiteClock "0:01:37"]
[BlackClock "0:00:05"]

1. d4 Nf6 2. c4 e6 3. Nc3 Bb4 4. e3 O-O 5. Bd3 d5 6. Ne2 c5 7. a3 Bxc3+ 8. bxc3 dxc4 9. Bxc4 Qc7 10. Bd3 e5 11. O-O b6 12. Bb2 c4 13. Bc2 e4 14. Ng3 Bb7 15. a4 Qd7 16. Ba3 Re8 17. Qe2 Bd5 18. f3 Nc6 19. fxe4 Nxe4 20. Nf5 Re6 21. Qg4 f6 22. Bxe4 Bxe4 23. Nxg7 1-0


[Site "https://www.chess.com"]

[Event "Titled Tuesday Blitz July 05 Early 2022"]
[White "Cruz, Cristhian"]
[Black "Livaic, Leon"]
[WhiteFideId "3801969"]
[BlackFideId "14531534"]
[WhiteElo "2497"]
[BlackElo "2540"]
[Result "0-1"]
[Round "08"]
[TimeControl "180+1"]
[Date "2022.07.05"]
[WhiteClock "0:00:10"]
[BlackClock "0:00:44"]

1. c4 e6 2. Nc3 d5 3. d4 c6 4. e4 dxe4 5. Nxe4 Bb4+ 6. Nc3 e5 7. Nf3 exd4 8. Nxd4 Nf6 9. Be2 O-O 10. O-O Nbd7 11. Bf4 Nc5 12. Rc1 Ne6 13. Be3 Re8 14. Nb3 Qc7 15. h3 Nf4 16. Bf3 Rd8 17. Qc2 Be6 18. Ne4 Nxe4 19. Qxe4 Nd3 20. Rc2 Qe5 21. c5 Bf5 22. Qc4 Ne1 23. Rxe1 Bxe1 24. Re2 Bd3 25. Qg4 Bxe2 26. Bxe2 Qxb2 27. Nd4 Bc3 28. Nf5 Bf6 29. Bc4 g6 30. Nh6+ Kg7 31. Nxf7 Qa1+ 32. Kh2 h5 33. Qf4 g5 34. Qf5 Rd1 35. Bxg5 Rh1+ 36. Kg3 Qc3+ 37. Kh4 Qxc4+ 38. f4 Qxf7 0-1


[Site "https://www.chess.com"]

[Event "Titled Tuesday Blitz July 05 Early 2022"]
[White "Deac, Bogdan-Daniel"]
[Black "Tristan, Leonardo"]
[WhiteFideId "1226380"]
[BlackFideId "113816"]
[WhiteElo "2648"]
[BlackElo "2404"]
[Result "1-0"]
[Round "08"]
[TimeControl "180+1"]
[Date "2022.07.05"]
[WhiteClock "0:00:06"]
[BlackClock "0:00:06"]

1. d4 d5 2. c4 e6 3. Nf3 Nf6 4. g3 Be7 5. Bg2 O-O 6. O-O dxc4 7. Qc2 a6 8. a4 Bd7 9. Qxc4 Bc6 10. Bg5 a5 11. Nc3 Ra6 12. e3 Rb6 13. Qe2 Rb4 14. e4 h6 15. Bf4 Nbd7 16. Rfd1 Nb6 17. Qc2 Rc4 18. Ne5 Rxd4 19. Rxd4 Qxd4 20. Rd1 Qc5 21. Nd3 Qh5 22. Bxc7 Nbd7 23. h3 Rc8 24. Bf4 g5 25. Be3 g4 26. Nf4 Qe5 27. hxg4 Nxg4 28. Qe2 Nxe3 29. Qxe3 Bc5 30. Qe2 Kh7 31. Nd3 Qg5 32. Nxc5 Nxc5 33. e5 Bxg2 34. Kxg2 Rc7 35. Rd4 Nd7 36. Qd3+ Qg6 37. Rxd7 Rxd7 38. Qxd7 Qg7 39. Qxb7 Qxe5 40. Qxf7+ Kh8 41. Qf4 Qc5 42. Qxh6+ Kg8 43. Qxe6+ Kh8 44. Qe4 Qb6 45. Qa8+ Kh7 46. Qe4+ Kh8 47. Nb5 Qg6 48. Qd4+ Kh7 49. Nd6 Qe6 50. Qe4+ Kh8 51. Qxe6 1-0


[Site "https://www.chess.com"]

[Event "Titled Tuesday Blitz July 05 Early 2022"]
[White "Dubov, Daniil"]
[Black "Moussard, Jules"]
[WhiteFideId "24126055"]
[BlackFideId "642908"]
[WhiteElo "2791"]
[BlackElo "2589"]
[Result "1/2-1/2"]
[Round "08"]
[TimeControl "180+1"]
[Date "2022.07.05"]
[WhiteClock "0:00:06"]
[BlackClock "0:00:07"]

1. c4 e6 2. Nc3 d5 3. d4 Nf6 4. cxd5 exd5 5. Bg5 c6 6. e3 h6 7. Bh4 Be7 8. Bd3 O-O 9. Nge2 Ne4 10. Bxe7 Qxe7 11. Bxe4 dxe4 12. Qc2 Re8 13. O-O Nd7 14. d5 Nf6 15. dxc6 bxc6 16. Rfd1 Rb8 17. Rac1 Ba6 18. Nd4 Bd3 19. Qd2 Ng4 20. h3 Ne5 21. Nf5 Qg5 22. Ng3 Nc4 23. Ncxe4 Nxd2 24. Nxg5 Rxb2 25. Nf3 Nxf3+ 26. gxf3 Bb5 27. a3 Rb3 28. Ra1 c5 29. Ne4 Be2 30. Re1 Rb2 31. Kg2 c4 32. Rac1 Re6 33. Ng3 Bd3 34. Rc3 a5 35. f4 a4 36. Kf3 Rb3 37. Rec1 Rxc3 38. Rxc3 Rb6 39. Ne4 Rb3 40. Rc1 Rxa3 41. Nc5 Rb3 42. Nxa4 h5 43. Nc3 g6 44. e4 Kg7 45. h4 f6 46. Ke3 Kf7 47. Kd4 Rb2 48. Ke3 Rb3 49. Kd4 Rb2 50. Ke3 Ke6 51. Ra1 Rb3 52. Ra6+ Kd7 53. Kd4 Rb2 54. Rxf6 Rxf2 55. Ke3 Rh2 56. Rxg6 Rxh4 57. f5 Rh3+ 58. Kd4 Bf1 59. Nd5 c3 60. Nxc3 Rd3+ 61. Kc4 Rd6+ 62. Kc5 Rxg6 63. fxg6 Ke6 64. Nd1 Bd3 65. Nf2 Bb1 66. Kd4 Kf6 67. Ke3 Kxg6 68. Kf4 Bxe4 69. Nxe4 h4 70. Ng5 h3 71. Nxh3 1/2-1/2


[Site "https://www.chess.com"]

[Event "Titled Tuesday Blitz July 05 Early 2022"]
[White "Dushyant Sharma"]
[Black "Navarrete Mendez, Gonzalo Alberto"]
[WhiteFideId "25065130"]
[BlackFideId "5106850"]
[WhiteElo "2105"]
[BlackElo "2261"]
[Result "0-1"]
[Round "08"]
[TimeControl "180+1"]
[Date "2022.07.05"]
[WhiteClock "0:01:06"]
[BlackClock "0:00:42"]

1. e4 e5 2. Nf3 Nc6 3. Nc3 Nf6 4. Bb5 Nd4 5. Ba4 Bc5 6. d3 c6 7. O-O d6 8. Be3 Bg4 9. Bxd4 Bxd4 10. Nb1 Bxb2 11. Nbd2 Bxa1 12. Qxa1 O-O 13. Bb3 Nh5 14. h3 Bxf3 15. Nxf3 Nf4 16. d4 exd4 17. Nxd4 Qf6 18. c3 Qg5 19. g3 Nxh3+ 20. Kh2 c5 21. Nf5 g6 22. f4 Nxf4 23. Rxf4 gxf5 24. Rxf5 Qd2+ 25. Kh3 Qh6+ 26. Kg2 Kh8 27. Bxf7 Qg7 28. Qf1 Qxc3 29. Qf4 Qb2+ 30. Kh3 Qg7 31. Rf6 Rad8 32. g4 Rd7 33. g5 Rdxf7 34. Qxd6 Rxf6 35. gxf6 Qxf6 0-1


[Site "https://www.chess.com"]

[Event "Titled Tuesday Blitz July 05 Early 2022"]
[White "Fedoseev, Vladimir"]
[Black "Hansen, Eric"]
[WhiteFideId "24130737"]
[BlackFideId "2606771"]
[WhiteElo "2726"]
[BlackElo "2568"]
[Result "1-0"]
[Round "08"]
[TimeControl "180+1"]
[Date "2022.07.05"]
[WhiteClock "0:00:16"]
[BlackClock "0:00:01"]

1. e4 c5 2. Nf3 e6 3. d4 cxd4 4. Nxd4 Nc6 5. Nc3 a6 6. Qd3 Qc7 7. Nxc6 Qxc6 8. Be2 d6 9. Bf4 e5 10. Be3 Be6 11. Nd5 Bxd5 12. exd5 Qc7 13. g4 Nf6 14. g5 Nd7 15. h4 g6 16. h5 Rg8 17. O-O-O O-O-O 18. Rh4 Nc5 19. Qa3 e4 20. hxg6 hxg6 21. b4 Nd3+ 22. Kb1 Ne5 23. Rxe4 Kb8 24. f4 Rc8 25. Rc1 Nd7 26. Rc4 Qd8 27. Rxc8+ Qxc8 28. c4 Bg7 29. c5 Qe8 30. Qd3 Ne5 31. fxe5 Qxe5 32. Kc2 Re8 33. Kd2 Qb2+ 34. Kd1 Qxb4 35. Bd2 Qa4+ 36. Qb3 Qh4 37. c6 Re7 38. Bxa6 Qg4+ 39. Kc2 Qg2 40. Bd3 Bd4 41. Rd1 Bc5 42. Kb1 b6 43. Bc1 Qg4 44. Rf1 Ra7 45. Rf4 Qg1 46. Rc4 Kc7 47. Qc3 Ra5 48. Rf4 1-0


[Site "https://www.chess.com"]

[Event "Titled Tuesday Blitz July 05 Early 2022"]
[White "Florescu, Codrut-Constantin"]
[Black "Jubin Jimmy"]
[WhiteFideId "1202200"]
[BlackFideId "46686614"]
[WhiteElo "2191"]
[BlackElo "2219"]
[Result "0-1"]
[Round "08"]
[TimeControl "180+1"]
[Date "2022.07.05"]
[WhiteClock "0:00:18"]
[BlackClock "0:00:23"]

1. d4 Nf6 2. Nf3 e6 3. c4 Bb4+ 4. Nbd2 b6 5. a3 Bxd2+ 6. Qxd2 Bb7 7. b3 O-O 8. Bb2 d6 9. e3 Nbd7 10. Be2 Ne4 11. Qc2 f5 12. O-O Ndf6 13. d5 e5 14. Nd2 Nxd2 15. Qxd2 Qe8 16. f3 Qg6 17. b4 Kh8 18. Bd3 Rae8 19. Rac1 Nd7 20. Kh1 Qh6 21. Qe2 Ba6 22. Rce1 Qh4 23. e4 fxe4 24. fxe4 Nf6 25. g3 Qh3 26. Qg2 Bc8 27. c5 h6 28. Bb5 Rd8 29. Bc1 Qh5 30. Be2 Qg6 31. Bf3 Rd7 32. g4 Rdf7 33. h3 Nh7 34. Be2 Nf6 35. Bf3 Ba6 36. Be2 Bxe2 37. Rxe2 bxc5 38. bxc5 Nd7 39. Rxf7 Qxf7 40. c6 Nc5 41. Kg1 Qf3 42. Be3 Nxe4 43. Bxh6 Nc3 44. Qxf3 Rxf3 45. Rf2 Rxf2 46. Kxf2 gxh6 47. h4 Nxd5 48. g5 Ne7 0-1


[Site "https://www.chess.com"]

[Event "Titled Tuesday Blitz July 05 Early 2022"]
[White "Garcia Ramos, Daniel"]
[Black "Zhigalko, Sergei"]
[WhiteFideId "32010311"]
[BlackFideId "13502956"]
[WhiteElo "2268"]
[BlackElo "2662"]
[Result "0-1"]
[Round "08"]
[TimeControl "180+1"]
[Date "2022.07.05"]
[WhiteClock "0:00:56"]
[BlackClock "0:00:03"]

1. e4 Nf6 2. e5 Nd5 3. d4 Nb6 4. Nf3 d5 5. Be2 Bf5 6. O-O e6 7. Nbd2 c5 8. c4 Nc6 9. dxc5 Bxc5 10. Nb3 Be7 11. Nbd4 Bg6 12. Nxc6 bxc6 13. b3 O-O 14. Bb2 a5 15. cxd5 Nxd5 16. Rc1 Qb6 17. Nd4 c5 18. Nb5 Rfd8 19. Qe1 Nf4 20. Nd6 Bd3 21. Bf3 Bxf1 22. Qxf1 Nd5 23. Qc4 Bxd6 24. exd6 Qxd6 25. g3 Rac8 26. Qg4 e5 27. Rd1 Qe6 28. Qg5 f6 29. Qd2 e4 30. Be2 e3 31. Qc1 exf2+ 32. Kxf2 Nb6 33. Rxd8+ Rxd8 34. Qxc5 Re8 35. Qb5 Qe3+ 36. Kf1 Kh8 37. Qxa5 Qxe2+ 38. Kg1 Qxb2 39. Qxb6 Re1# 0-1


[Site "https://www.chess.com"]

[Event "Titled Tuesday Blitz July 05 Early 2022"]
[White "Grandelius, Nils"]
[Black "De Silva, L M S T"]
[WhiteFideId "1710400"]
[BlackFideId "9953698"]
[WhiteElo "2617"]
[BlackElo "1663"]
[Result "1-0"]
[Round "08"]
[TimeControl "180+1"]
[Date "2022.07.05"]
[WhiteClock "0:00:42"]
[BlackClock "0:00:35"]

1. g3 d5 2. Nf3 Nf6 3. Bg2 e6 4. O-O Be7 5. c4 O-O 6. b3 b6 7. cxd5 exd5 8. d4 Bb7 9. Nc3 Nbd7 10. Bf4 a6 11. Rc1 c5 12. dxc5 Nxc5 13. Be5 Nce4 14. Nh4 Bc5 15. Nf5 Nxf2 16. Rxf2 Bxf2+ 17. Kh1 Ng4 18. Bxg7 Be3 19. Qc2 Bxc1 20. Qxc1 Re8 21. Qf4 h5 22. h3 Bc8 23. hxg4 Bxf5 24. Qh6 Bh7 25. Bf6 Qxf6 26. Qxf6 Rad8 27. Bxd5 1-0


[Site "https://www.chess.com"]

[Event "Titled Tuesday Blitz July 05 Early 2022"]
[White "Guz, Ari"]
[Black "Zhalmakhanov, Ramazan"]
[WhiteFideId "2825759"]
[BlackFideId "13706357"]
[WhiteElo "1913"]
[BlackElo "2397"]
[Result "0-1"]
[Round "08"]
[TimeControl "180+1"]
[Date "2022.07.05"]
[WhiteClock "0:00:03"]
[BlackClock "0:00:02"]

1. e4 c5 2. Nf3 Nc6 3. c3 Nf6 4. e5 Nd5 5. Bc4 Nb6 6. Bb5 d5 7. exd6 Qxd6 8. d4 Bg4 9. h3 Bxf3 10. Qxf3 cxd4 11. cxd4 e6 12. O-O Rc8 13. Rd1 a6 14. Bf4 Qd5 15. Bxc6+ Rxc6 16. Qg3 f6 17. Nc3 Qf5 18. Be3 Rc8 19. Bf4 Kf7 20. Bd6 Rc6 21. Bxf8 Rxf8 22. Rd2 Rd8 23. Rad1 Nd5 24. Nxd5 Qxd5 25. a3 Rcd6 26. Qd3 Qh5 27. Qb3 R8d7 28. Re1 Qf5 29. Rde2 Re7 30. Re4 Qd5 31. Qg3 Rd8 32. Rg4 Kg8 33. Rge4 Qf5 34. Rf4 Qg6 35. Rg4 Qf5 36. Rf4 Qg6 37. Rg4 Qf7 38. Rge4 Rde8 39. Qe3 h6 40. Qe2 Qg6 41. Qc4 Qf5 42. R4e3 Kh7 43. Qe2 Rd7 44. Rxe6 Rxe6 45. Qxe6 Qxe6 46. Rxe6 Rxd4 47. Rb6 Rd7 48. Kf1 Kg6 49. Ke2 h5 50. Ke3 Kf5 51. g3 g5 52. Rb4 Rc7 53. h4 b5 54. hxg5 fxg5 55. a4 Rc4 56. Rxc4 bxc4 57. Kf3 h4 58. Kg2 Ke4 0-1


[Site "https://www.chess.com"]

[Event "Titled Tuesday Blitz July 05 Early 2022"]
[White "Hansen, Sune Berg"]
[Black "Maksimovic, Bojan"]
[WhiteFideId "1400266"]
[BlackFideId "14408120"]
[WhiteElo "2657"]
[BlackElo "2453"]
[Result "0-1"]
[Round "08"]
[TimeControl "180+1"]
[Date "2022.07.05"]
[WhiteClock "0:00:18"]
[BlackClock "0:00:04"]

1. Nf3 Nf6 2. g3 g6 3. Bg2 Bg7 4. O-O O-O 5. d4 d5 6. c4 c6 7. Qb3 dxc4 8. Qxc4 Be6 9. Qc2 Bf5 10. Qb3 Qb6 11. Qa3 Na6 12. Bd2 Qd8 13. Nc3 Ne4 14. Nxe4 Bxe4 15. Bg5 Re8 16. Rfd1 Qd6 17. Qe3 Qd5 18. Bh6 Rad8 19. Bxg7 Kxg7 20. Qc3 Kg8 21. Rd2 Nc7 22. Qb4 b6 23. a4 Qd6 24. Qb3 Nd5 25. Ng5 Bxg2 26. Kxg2 Qb4 27. Qxb4 Nxb4 28. Nf3 e5 29. dxe5 Rxd2 30. Nxd2 Rxe5 31. e3 Rc5 32. Rd1 Rc2 33. b3 Nd3 34. Ne4 Nc5 35. Rd8+ Kg7 36. Nd6 Nxb3 37. Rd7 Kf6 38. Nxf7 a5 39. Rc7 Ke6 40. h4 h5 41. Kf3 Nd2+ 42. Kf4 Nc4 43. Kg5 Rxf2 44. Rxc6+ Kd5 45. Rf6 Rxf6 46. Kxf6 b5 47. e4+ Kxe4 48. axb5 a4 49. b6 Nxb6 50. Nd6+ Kd3 51. Nb5 Kc4 52. Na3+ Kb3 53. Nb1 Kb2 54. Nd2 a3 0-1


[Site "https://www.chess.com"]

[Event "Titled Tuesday Blitz July 05 Early 2022"]
[White "Ibarra Jerez, Jose Carlos"]
[Black "Tari, Aryan"]
[WhiteFideId "2226332"]
[BlackFideId "1510045"]
[WhiteElo "2628"]
[BlackElo "2612"]
[Result "0-1"]
[Round "08"]
[TimeControl "180+1"]
[Date "2022.07.05"]
[WhiteClock "0:00:05"]
[BlackClock "0:00:10"]

1. e4 c6 2. Nf3 d5 3. d3 Qc7 4. exd5 cxd5 5. c4 dxc4 6. dxc4 Nc6 7. Nc3 Bg4 8. h3 Bxf3 9. Qxf3 e6 10. Bf4 Qa5 11. O-O-O a6 12. Kb1 Nf6 13. g4 Bb4 14. Ne4 Nxe4 15. Qxe4 O-O 16. Bd3 g6 17. Bc2 Rfd8 18. a3 Bd2 19. Rxd2 Rxd2 20. Bxd2 Qxd2 21. f4 Rd8 22. Rd1 Qa5 23. Rxd8+ Qxd8 24. Qe3 Nd4 25. Be4 b6 26. Qd3 Qf6 27. g5 Qd8 28. b4 Qd6 29. Kb2 e5 30. Bd5 Ne6 31. f5 Nxg5 32. h4 e4 33. Qd4 Qh2+ 34. Kb3 Qxh4 35. fxg6 hxg6 36. Qxb6 Qg3+ 37. Ka4 e3 38. Qxg6+ Kf8 39. Qh6+ Ke7 40. Qb6 e2 41. Qc7+ Qxc7 0-1


[Site "https://www.chess.com"]

[Event "Titled Tuesday Blitz July 05 Early 2022"]
[White "Jones, Gawain C B"]
[Black "So, Wesley"]
[WhiteFideId "409561"]
[BlackFideId "5202213"]
[WhiteElo "2657"]
[BlackElo "2763"]
[Result "1/2-1/2"]
[Round "08"]
[TimeControl "180+1"]
[Date "2022.07.05"]
[WhiteClock "0:00:06"]
[BlackClock "0:00:18"]

1. Nf3 d5 2. g3 Nf6 3. Bg2 c6 4. O-O Bg4 5. h3 Bh5 6. d3 Nbd7 7. c4 e6 8. b3 Bd6 9. Bb2 O-O 10. Nbd2 Qe7 11. Qc2 a5 12. e4 dxe4 13. dxe4 Bxf3 14. Nxf3 e5 15. Nh4 g6 16. Rad1 Rfd8 17. Bc1 Nh5 18. Qe2 Ng7 19. Nf3 a4 20. h4 axb3 21. axb3 Ba3 22. Bh6 Nc5 23. Qe3 f6 24. Bh3 Nce6 25. Bxg7 Nxg7 26. Kg2 Bc5 27. Qe2 h5 28. Rxd8+ Rxd8 29. Rd1 Kf7 30. Rd2 Ne8 31. Qd1 Rxd2 32. Qxd2 Bb4 33. Qh6 Qf8 34. Qe3 Bc5 35. Qd2 Qd6 36. Qh6 Qf8 37. Qd2 Kg7 38. Ne1 Bb4 39. Qd7+ Qe7 40. Nd3 Ba3 41. c5 Qxd7 42. Bxd7 Nc7 43. Bc8 Na6 44. Bxb7 Nxc5 45. Nxc5 Bxc5 46. Bxc6 Kf7 47. f4 exf4 48. gxf4 Bb4 49. Kf2 Bc5+ 50. Ke2 Bd6 51. Kf3 Bb4 52. f5 gxf5 53. exf5 Be1 54. Bd5+ Ke7 55. Ke2 Bxh4 56. Bf3 Kd6 57. Bxh5 Kc5 58. Kd3 Kb4 59. Bf7 1/2-1/2


[Site "https://www.chess.com"]

[Event "Titled Tuesday Blitz July 05 Early 2022"]
[White "Kamsky, Gata"]
[Black "Barp, Alberto"]
[WhiteFideId "2000024"]
[BlackFideId "872555"]
[WhiteElo "2645"]
[BlackElo "2229"]
[Result "1-0"]
[Round "08"]
[TimeControl "180+1"]
[Date "2022.07.05"]
[WhiteClock "0:00:12"]
[BlackClock "0:00:03"]

1. d4 Nf6 2. Nf3 e6 3. Bf4 c5 4. e3 cxd4 5. exd4 Be7 6. h3 O-O 7. Nbd2 b6 8. a4 Ba6 9. Bb5 d6 10. O-O Nd5 11. Bh2 Nc7 12. Bxa6 Nbxa6 13. Qe2 Qd7 14. c4 Nb4 15. b3 a5 16. Rad1 Rfd8 17. Ne4 Rac8 18. Rfe1 d5 19. Ne5 Qe8 20. Nc3 Bd6 21. f4 dxc4 22. bxc4 Nc6 23. Ne4 Be7 24. Nf3 h6 25. Kh1 Qf8 26. Bg3 Bb4 27. Rf1 Ne7 28. Ne5 Nf5 29. Bf2 Ne8 30. c5 bxc5 31. dxc5 Rd5 32. c6 f6 33. Nd7 Qf7 34. Qa6 Rc7 35. Qa8 Kh7 36. Nb6 Ned6 37. Nxd5 exd5 38. Nxd6 Bxd6 39. Bb6 Ng3+ 40. Kg1 Nxf1 41. Bxc7 Qxc7 42. Rxf1 Bc5+ 43. Kh1 Qe7 44. Qb7 Qe2 45. Qb1+ 1-0


[Site "https://www.chess.com"]

[Event "Titled Tuesday Blitz July 05 Early 2022"]
[White "Kovalev, Vladislav"]
[Black "Andreikin, Dmitry"]
[WhiteFideId "13504398"]
[BlackFideId "4158814"]
[WhiteElo "2530"]
[BlackElo "2736"]
[Result "0-1"]
[Round "08"]
[TimeControl "180+1"]
[Date "2022.07.05"]
[WhiteClock "0:00:01"]
[BlackClock "0:00:03"]

1. e4 c5 2. Be2 g6 3. d3 Bg7 4. f4 Nc6 5. Nf3 d5 6. c3 Nf6 7. e5 Ng4 8. h3 Nh6 9. Be3 d4 10. Bf2 Nf5 11. g4 Ne3 12. Bxe3 dxe3 13. Qc1 b6 14. Qxe3 Bb7 15. Nbd2 Qc7 16. Ne4 O-O-O 17. O-O-O f6 18. Kb1 fxe5 19. f5 Kb8 20. Nh4 gxf5 21. Nxf5 Bf8 22. Rhf1 e6 23. Nh6 Bxh6 24. Qxh6 c4 25. Qe3 Na5 26. Ng5 Rhe8 27. Nf7 Rd5 28. Bf3 cxd3 29. Bxd5 exd5 30. Qxd3 Nc4 31. b3 e4 32. Qd4 e3 33. Rfe1 Na3+ 34. Kb2 Nb5 35. Qd3 a6 36. Ng5 Qc5 37. Nf3 Qa3+ 38. Ka1 Rc8 39. Rc1 Qf8 40. Nd4 Nd6 41. Rxe3 Ne4 42. Re2 Qa3 43. Rec2 Nc5 44. Qe3 a5 45. Nb5 Nxb3+ 46. Kb1 Qa4 47. Qe5+ Ka8 48. Nc7+ Rxc7 49. Qxc7 Nxc1 50. Rxc1 Ka7 51. Qd6 Qb5+ 52. Ka1 Qd3 53. Qe5 Qxh3 54. g5 Qd3 55. Re1 Qd2 56. Qe3 Qc2 57. Rc1 Qa4 58. Kb1 Qc6 59. Qd4 Qg6+ 60. Ka1 Qxg5 61. Rb1 Qg6 62. Rg1 Qc6 63. Rh1 h6 64. Rb1 Ba6 65. Re1 Bc4 66. Re7+ Ka6 67. Qh8 Kb5 68. Qd4 Ka6 69. Re1 Qd6 70. Rb1 h5 71. Rb2 Qe6 72. Rb1 Qh6 73. Re1 h4 74. Qe3 Qf6 75. Qe5 Qf2 0-1


[Site "https://www.chess.com"]

[Event "Titled Tuesday Blitz July 05 Early 2022"]
[White "Kozlov, Gennady"]
[Black "Harvey, Marcus R"]
[WhiteFideId "4191668"]
[BlackFideId "400092"]
[WhiteElo "2392"]
[BlackElo "2485"]
[Result "0-1"]
[Round "08"]
[TimeControl "180+1"]
[Date "2022.07.05"]
[WhiteClock "0:01:51"]
[BlackClock "0:00:37"]

1. b3 e5 2. Bb2 Nc6 3. e3 Nf6 4. d4 exd4 5. exd4 d5 6. Nf3 Bd6 7. Bd3 O-O 8. O-O Re8 9. h3 Ne4 10. Nbd2 Bf5 11. Re1 h6 12. c4 Nxf2 13. Rxe8+ Qxe8 14. Kxf2 Bxd3 15. cxd5 Nb4 16. Nc4 Bf4 17. Bc1 Bc2 18. Bxf4 Bxd1 19. Rxd1 Nxd5 20. Bg3 f6 21. Re1 Qf7 22. Ne3 Nb4 23. Re2 Re8 24. Rd2 c6 25. Nc4 Qg6 26. Bd6 Nd5 27. Kg1 Qb1+ 28. Kh2 b5 29. Na5 Ne3 30. Rf2 Nf1+ 31. Kg1 Ng3+ 32. Kh2 Ne4 33. Rd2 Nxd6 34. Nxc6 Re3 35. d5 Kh7 36. Nxa7 Rd3 37. Re2 Rxd5 38. Nc6 Rd1 39. Ne7 Ne4 0-1


[Site "https://www.chess.com"]

[Event "Titled Tuesday Blitz July 05 Early 2022"]
[White "Krysa, Leandro"]
[Black "Shimanov, Aleksandr"]
[WhiteFideId "116807"]
[BlackFideId "4198603"]
[WhiteElo "2490"]
[BlackElo "2605"]
[Result "0-1"]
[Round "08"]
[TimeControl "180+1"]
[Date "2022.07.05"]
[WhiteClock "0:00:03"]
[BlackClock "0:00:11"]

1. Nf3 Nf6 2. g3 d5 3. Bg2 Nbd7 4. c4 e6 5. O-O dxc4 6. Qa4 a6 7. Qxc4 b5 8. Qc2 Bb7 9. Nc3 c5 10. a4 b4 11. Nd1 Be7 12. d3 O-O 13. Bg5 Rc8 14. Bxf6 Bxf6 15. Ne3 a5 16. Nc4 Nb8 17. Nfd2 Bd5 18. Nb3 Nc6 19. Rac1 Nd4 20. Nxd4 cxd4 21. Qd2 Bg5 22. f4 Bf6 23. b3 Bxc4 24. Rxc4 Rxc4 25. dxc4 Be7 26. Qd3 Bc5 27. f5 exf5 28. Rxf5 Qe7 29. Bd5 g6 30. Rf3 Kg7 31. Kg2 f5 32. h4 Re8 33. Kf1 Qf6 34. Kg2 Re5 35. Kf1 Qe7 36. Ke1 Qd6 37. Kf1 Qc7 38. Kg2 Qe7 39. Kf1 Bb6 40. Ke1 Kh8 41. Kf1 Bc5 42. Ke1 Qg7 43. Kf1 Qh6 44. Kg2 Qc1 45. Rf1 Qb2 46. Qf3 Qxe2+ 47. Qxe2 Rxe2+ 48. Kh3 d3 49. Rd1 d2 50. Bf3 Rf2 51. Bd5 h5 52. g4 hxg4+ 53. Kg3 Kg7 54. h5 Kh6 55. Kh4 Rh2+ 56. Kg3 Bd6# 0-1


[Site "https://www.chess.com"]

[Event "Titled Tuesday Blitz July 05 Early 2022"]
[White "Lazavik, Denis"]
[Black "Ramirez, Alejandro"]
[WhiteFideId "13515110"]
[BlackFideId "6500617"]
[WhiteElo "2437"]
[BlackElo "2694"]
[Result "1-0"]
[Round "08"]
[TimeControl "180+1"]
[Date "2022.07.05"]
[WhiteClock "0:00:08"]
[BlackClock "0:00:19"]

1. d4 Nf6 2. c4 c5 3. d5 b5 4. cxb5 a6 5. e3 axb5 6. Bxb5 Qa5+ 7. Nc3 Bb7 8. Bd2 Qb6 9. a4 Nxd5 10. Nf3 Qg6 11. O-O e6 12. Nxd5 Bxd5 13. Qe2 Be7 14. Rfe1 Be4 15. Bc3 O-O 16. Red1 d5 17. Bd3 Nc6 18. Bxe4 Qxe4 19. Nd2 Qg6 20. Nf3 Rfb8 21. a5 Bf6 22. a6 h6 23. Rdc1 Rb6 24. Bxf6 Qxf6 25. Rxc5 Rxb2 26. Qf1 Rb6 27. h3 Nb4 28. a7 Rb7 29. Rca5 Nc6 30. Ra6 Raxa7 31. Rc1 Ne5 32. Nxe5 Qxe5 33. Qd3 g6 34. Rxa7 Rxa7 35. g3 Kg7 36. Kg2 Ra2 37. Rd1 Qb2 38. Qd4+ Qxd4 39. Rxd4 Kf6 40. h4 Ke5 41. Rf4 f5 42. Rb4 g5 43. hxg5 hxg5 44. Rb8 g4 45. Rb6 Rd2 46. Rc6 Ra2 47. Rb6 Ra4 48. Rc6 Rc4 49. Rb6 Kf6 50. Ra6 Ke7 51. Ra7+ Kd6 52. Ra6+ Rc6 53. Ra8 Ke5 54. Ra4 Kd6 55. Ra8 Ke7 56. Ra7+ Kf6 57. Ra5 Rb6 58. Rc5 Ke5 59. Ra5 Ke4 60. Ra4+ Kd3 61. Ra3+ Kc2 62. Ra2+ Kb3 63. Ra5 Rd6 64. Kf1 Rc6 65. Ra8 Kc2 66. Rd8 Kd3 67. Re8 Ke4 68. Kg2 e5 69. Re7 Rc2 70. Re8 Rd2 71. Re7 Rb2 72. Re8 Rb5 73. Re7 Rc5 74. Re8 Rc6 75. Re7 Rd6 76. Re8 Rd7 77. Re6 d4 78. exd4 Kxd4 79. Re8 Ke4 80. Ra8 Rd4 81. Re8 Rb4 82. Re7 Rb2 83. Re8 Rc2 84. Re7 Rc5 85. Re8 Kd3 86. Rf8 e4 87. Ra8 Rc2 88. Kf1 Rc1+ 89. Kg2 Rc2 90. Kf1 Rc1+ 91. Kg2 Ke2 92. Ra2+ Ke1 93. Kg1 Rd1 94. Ra5 Rd3 95. Rxf5 Rf3 96. Re5 Rxf2 97. Rxe4+ Re2 98. Rxg4 Re3 99. Kg2 Re8 100. Rf4 Ke2 101. g4 Ke3 102. Kg3 Rg8 103. Rf5 Ke4 104. Ra5 Ke3 105. g5 Ke4 106. Kg4 Rf8 107. g6 Rf1 108. Kg5 Rg1+ 109. Kf6 1-0


[Site "https://www.chess.com"]

[Event "Titled Tuesday Blitz July 05 Early 2022"]
[White "Leisch, Lukas"]
[Black "Agasarov, Benik"]
[WhiteFideId "1632094"]
[BlackFideId "13314823"]
[WhiteElo "2216"]
[BlackElo "2690"]
[Result "1-0"]
[Round "08"]
[TimeControl "180+1"]
[Date "2022.07.05"]
[WhiteClock "0:00:10"]
[BlackClock "0:01:04"]

1. b3 g6 2. Bb2 Nf6 3. g3 Bg7 4. Bg2 O-O 5. e3 d5 6. Ne2 c5 7. O-O Nc6 8. c4 d4 9. exd4 cxd4 10. Bxc6 bxc6 11. Bxd4 Bg4 12. f3 Bh3 13. Re1 e5 14. Bxe5 Re8 15. d4 c5 16. Nf4 cxd4 17. Nxh3 d3 18. Nc3 Rxe5 19. Rxe5 Qd4+ 20. Nf2 Qxe5 21. Qxd3 Nh5 22. Rc1 Re8 23. f4 Qc5 24. Ne4 Qa3 25. Rc2 Qa5 26. Qd2 Qf5 27. g4 Qxf4 28. gxh5 Qf3 29. Qe2 Qf5 30. Nf6+ Bxf6 31. Qxe8+ Kg7 32. Qe4 Qg5+ 33. Qg4 Qc5 34. h6+ Kxh6 35. Rd2 Kg7 36. Rd7 Qe3 37. Qe4 Qc1+ 38. Kg2 Qg5+ 39. Qg4 Qe3 40. Qf3 Qg5+ 41. Qg3 Qf5 42. Rxa7 Bd4 43. Re7 Qf6 44. Re4 Bc5 45. Qf3 Qg5+ 46. Rg4 Qc1 47. Qf4 Qa1 48. Rh4 Be7 49. Qh6+ Kf6 50. Rf4+ Ke6 51. Re4+ Kd7 52. Qd2+ Ke8 53. Qe2 Qf6 54. Rxe7+ Qxe7 55. Qxe7+ Kxe7 56. a4 Kd6 57. a5 Kc5 58. a6 Kb6 59. Kf3 Kxa6 60. Ke4 Ka5 61. Kd5 Kb4 62. c5 Kb5 63. c6 Kb6 64. Kd6 Ka7 65. Kd7 1-0


[Site "https://www.chess.com"]